 Dungeon Crawl Stone Soup version 0.19.5 (webtiles) character file.

253 tidbits the Bolt Thrower (level 5, 0/34 HPs)
             Began as a High Elf Wanderer on Oct 31, 2017.
             Shot with an arrow by a centaur (5 damage)
             ... on level 5 of the Dungeon.
             The game lasted 00:09:53 (1106 turns).

tidbits the Bolt Thrower (High Elf Wanderer)        Turns: 1106, Time: 00:09:54

Health: 0/34       AC:  8    Str: 11    XL:     5   Next: 90%
Magic:  9/9        EV:  9    Int: 20    God:
Gold:   90         SH:  0    Dex: 11    Spells: 0 memorised, 9 levels left

rFire  . . .     SeeInvis .     a - +0 hand crossbow
rCold  . . .     Gourm    .     B - +2 scale mail
rNeg   . . .     Faith    .     (no shield)
rPois  .         Spirit   .     (no helmet)
rElec  .         Reflect  .     (no cloak)
rCorr  .         Harm     .     (no gloves)
MR     .....     Rnd*Tele +     (no boots)
Stlth  ++........               (no amulet)
                                s - ring of teleportation (curse)
                                l - ring of stealth

@: no status effects
A: no striking features
a: no special abilities


You were on level 5 of the Dungeon.
You were not hungry.

You visited 1 branch of the dungeon, and saw 5 of its levels.

You collected 90 gold pieces.

Inventory:

Hand Weapons
 a - a +0 hand crossbow (weapon)
 b - a +2 short sword of speed
   (You took it off a kobold on level 2 of the Dungeon)
 g - a +0 dagger
   (You found it on level 1 of the Dungeon)
 t - a +0 flail
   (You took it off a gnoll on level 2 of the Dungeon)
 v - a +0 mace
 y - a +0 falchion
   (You took it off an orc on level 3 of the Dungeon)
Missiles
 d - 21 bolts (quivered)
 h - 60 stones
 o - 42 arrows
 w - 59 sling bullets
Armour
 B - a +2 scale mail (worn)
Jewellery
 l - a ring of stealth (left hand)
   (You found it on level 2 of the Dungeon)
 s - a cursed ring of teleportation (right hand)
   (You found it on level 2 of the Dungeon)
 D - an uncursed ring of stealth
   (You found it on level 4 of the Dungeon)
Scrolls
 i - 4 scrolls of identify {unknown}
 j - 3 scrolls of blinking {unknown}
 m - a scroll of teleportation {unknown}
 n - a scroll of magic mapping {unknown}
 q - a scroll of amnesia {unknown}
 r - a scroll of remove curse {unknown}
 C - a scroll of enchant weapon {unknown}
Potions
 e - a potion of lignification {unknown}
 f - a potion of brilliance {unknown}
 p - a potion of curing {unknown}
 x - a potion of cancellation {unknown}
 A - a potion of resistance {unknown}
Comestibles
 c - 3 bread rations
 k - 10 fruits
 u - a meat ration
 E - 2 chunks of flesh


   Skills:
 + Level 2.0 Fighting
 - Level 3.9 Crossbows
 - Level 3.0 Armour
 + Level 2.5 Dodging
 - Level 2.5 Stealth
 - Level 2.5 Spellcasting
   Level 1.0 Hexes
   Level 1.2 Air Magic
   Level 1.0 Evocations


You had 9 spell levels left.
You didn't know any spells.

Dungeon Overview and Level Annotations

Branches:
Dungeon (5/15)
 Temple: D:4-7

Altars:
Gozag
Zin


Message History

The orc is heavily wounded.
You hit the orc.
You kill the orc!
Things that are here:
a flail; a leather armour; an orc corpse You butcher the orc corpse.
E - 3 chunks of flesh
Things that are here:
a flail; a leather armour Eat one of 3 chunks of flesh? (ye/n/q)
You start eating one of the 3 chunks of flesh.
This raw flesh tastes terrible.
a - a +0 hand crossbow (weapon)
A jackal comes into view.
Firing (i - inventory. (,) - cycle):
d - 27 bolts (quivered)
Press: ? - help, Shift-Dir - straight line, f - jackal
Aim: a jackal (hasn't noticed you)
You shoot a bolt. The jackal barks!
The bolt hits the jackal but does no damage.
Your hands tingle!
b - a +2 short sword of speed (weapon)
You hit the jackal but do no damage. The jackal closely misses you.
You hit the jackal.
The jackal is severely wounded.
The jackal closely misses you.
You barely miss the jackal.
The jackal is severely wounded.
The jackal bites you but does no damage.
You closely miss the jackal.
The jackal is severely wounded.
The jackal bites you.
* * * LOW HITPOINT WARNING * * *
You are too injured to fight recklessly!
You are too injured to fight recklessly!
You are too injured to fight recklessly!
Your scale mail prevents you from hitting the jackal.
The jackal is severely wounded.
The jackal bites you but does no damage.
You hit the jackal but do no damage.
The jackal is severely wounded.
The jackal barely misses you.
You hit the jackal but do no damage.
The jackal is severely wounded.
The jackal bites you but does no damage.
You hit the jackal.
You kill the jackal!
You see here a jackal corpse.
a - a +0 hand crossbow (weapon)
Things that are here:
a flail; a leather armour
d - 27 bolts (gained 1)
Found a stone staircase leading up.
A centaur comes into view.
Found a stone staircase leading down.
The centaur shouts!
The centaur wields a shortbow.
The centaur shoots an arrow.
The arrow hits you.
* * * LOW HITPOINT WARNING * * *
You see here an arrow.
You feel much better.
The centaur shoots an arrow.
The arrow hits you but does no damage.
Firing (i - inventory. (,) - cycle):
d - 27 bolts (quivered)
Press: ? - help, Shift-Dir - straight line, f - centaur
Aim: a centaur, wielding a shortbow You shoot a bolt.
The bolt barely misses the centaur.
The centaur shoots an arrow.
The arrow hits you.
The centaur shoots an arrow.
The arrow barely misses you.
Firing (i - inventory. (,) - cycle):
d - 26 bolts (quivered)
Press: ? - help, Shift-Dir - straight line, f/p - centaur
Aim: a centaur, wielding a shortbow You shoot a bolt.
The bolt hits the centaur.
The centaur is lightly wounded.
The centaur shoots an arrow.
The arrow hits you.
Firing (i - inventory. (,) - cycle):
d - 25 bolts (quivered)
Press: ? - help, Shift-Dir - straight line, f/p - centaur
Aim: a centaur, wielding a shortbow (lightly wounded)
You shoot a bolt. The bolt completely misses the centaur.
The centaur shoots an arrow.
The arrow hits you!
* * * LOW HITPOINT WARNING * * *
The centaur shoots an arrow.
The arrow hits you!
* * * LOW HITPOINT WARNING * * *
Firing (i - inventory. (,) - cycle):
d - 24 bolts (quivered)
Press: ? - help, Shift-Dir - straight line, f/p - centaur
Aim: a centaur, wielding a shortbow (lightly wounded)
You shoot a bolt. The bolt hits the centaur.
The centaur is moderately wounded.
The centaur shoots an arrow.
The arrow closely misses you.
Firing (i - inventory. (,) - cycle):
d - 23 bolts (quivered)
Press: ? - help, Shift-Dir - straight line, f/p - centaur
Aim: a centaur, wielding a shortbow (moderately wounded)
You shoot a bolt. The bolt barely misses the centaur.
The centaur shoots an arrow.
The arrow hits you but does no damage.
The centaur shoots an arrow.
The arrow barely misses you.
Firing (i - inventory. (,) - cycle):
d - 22 bolts (quivered)
Press: ? - help, Shift-Dir - straight line, f/p - centaur
Aim: a centaur, wielding a shortbow (moderately wounded)
You shoot a bolt. The bolt hits the centaur.
The centaur is moderately wounded.
The centaur shoots an arrow.
The arrow hits you.
You die...

....####.# .#
# ### #.# ...
#.######.....
#..)†.....# #
#.######.##
#####. #.#
.>.<..####.#
#......(..#
#(c...@.(.#
.(.###.###.#
#. #.# #. #.#
#. #.# #. #.#
.. .# ..


You could see a centaur.

Vanquished Creatures
  An ogre (D:5)
  2 orc wizards
  A gnoll (D:2)
  5 adders
  An ooze (D:4)
  2 worms (D:2)
  2 dart slugs
  2 leopard geckos
  5 orcs
  3 ball pythons
  4 goblins
  3 hobgoblins (D:2)
  5 jackals
  A quokka (D:5)
  4 bats
  A giant cockroach zombie (D:1)
  A jackal zombie (D:1)
  2 kobolds (D:2)
  2 rats
47 creatures vanquished.

Notes
Turn   | Place    | Note
-------+----------+-------------------------------------------
     0 | D:1      | tidbits the High Elf Wanderer began the quest for the Orb.
     0 | D:1      | tidbits set off with: a +2 scale mail, a +0 mace, a +0 hand crossbow, 30 bolts, a bread ration
     0 | D:1      | Reached XP level 1. HP: 11/11 MP: 3/3
    62 | D:1      | Reached skill level 2 in Armour
   160 | D:2      | Reached XP level 2. HP: 17/17 MP: 5/5
   261 | D:2      | Reached skill level 2 in Spellcasting
   261 | D:2      | Reached XP level 3. HP: 14/21 MP: 5/7
   283 | D:2      | Found a glowing silver altar of Zin.
   284 | D:2      | Found an opulent altar of Gozag.
   479 | D:2      | Reached skill level 2 in Stealth
   569 | D:2      | Reached XP level 4. HP: 19/27 MP: 8/8
   850 | D:3      | Reached skill level 3 in Armour
   989 | D:4      | Reached XP level 5. HP: 31/31 MP: 9/9
  1000 | D:5      | Entered Level 5 of the Dungeon
  1007 | D:5      | Noticed an ogre
  1011 | D:5      | Killed an ogre
  1011 | D:5      | Reached skill level 1 in Fighting
  1011 | D:5      | Reached skill level 2 in Dodging
  1037 | D:5      | Reached skill level 2 in Fighting
  1098 | D:5      | Noticed a centaur
  1106 | D:5      | Shot with an arrow by a centaur

Skill      XL: |  1  2  3  4  5 |
---------------+----------------+-----
Armour         | 2 3 |  3.0
Spellcasting   | 2 |  2.5
Stealth        | 2 |  2.5
Fighting       | 2 |  2.0
Dodging        | 2 |  2.5
Crossbows      | |  3.9
Hexes          | |  1.0
Air Magic      | |  1.2
Evocations     | |  1.0

Action                   |  1- 3 |  4- 6 || total
-------------------------+-------+-------++-------
Melee: Short sword       |     5 |    38 ||    43
       Hand crossbow     |       |     1 ||     1
 Fire: Hand crossbow     |    59 |    55 ||   114
  Use: Potion            |       |     2 ||     2
  Eat: Chunk             |       |     1 ||     1
Armor: Scale mail        |    30 |    45 ||    75
Dodge: Dodged            |    17 |    26 ||    43

Table legend:
 A = Turns spent in this place as a percentage of turns spent in the entire game.
 B = Non-inter-level travel turns spent in this place as a percentage of non-inter-level travel turns spent in the entire game.
 C = Inter-level travel turns spent in this place as a percentage of turns spent in this place.
 D = Turns resting spent in this place as a percentage of non-inter-level travel turns spent in this place.
 E = Turns spent auto-exploring this place as a percentage of non-inter-level travel turns spent in this place.
 F = Non-inter-level travel turns spent in this place divided by the number of levels of this place that you've seen.
                   A       B       C       D       E      F
               +-------+-------+-------+-------+-------+----------------------
         Total | 100.0 | 100.0 |   0.0 |   0.0 |   0.0 | 188.2
       Dungeon | 100.0 | 100.0 |   0.0 |   0.0 |   0.0 | 188.2
               +-------+-------+-------+-------+-------+----------------------

Table legend:
 A = Kills in this place as a percentage of kills in entire the game.
 B = Kills by you in this place as a percentage of kills by you in the entire game.
 C = Kills by friends in this place as a percentage of kills by friends in the entire game.
 D = Other kills in this place as a percentage of other kills in the entire game.
 E = Experience gained in this place as a percentage of experience gained in the entire game.
 F = Experience gained in this place divided by the number of levels of this place that you have seen.
                   A       B       C       D       E      F
               +-------+-------+-------+-------+-------+----------------------
         Total | 100.0 | 100.0 |  -nan |  -nan | 100.0 |  72.4
       Dungeon | 100.0 | 100.0 |  -nan |  -nan | 100.0 |  72.4
               +-------+-------+-------+-------+-------+----------------------

Vault maps used:
D:1:      saegor_arrival_fortress, minmay_tiny_reverse_x
D:2:      grunt_temple_overflow_gold_and_silver, marbit_many_paths,
          serial_bayou, serial_bayou_pond_b, serial_bayou_pond_e,
          serial_bayou_pond_b, serial_bayou_pond_a
D:3:      grunt_temple_overflow_champion_of_chaos,
          minmay_misc_feat_four_crosses, corner_web_ring
D:5:      lemuel_castle_with_subvaults, serial_undead, serial_undead_a,
          serial_undead_b, serial_undead_d, serial_undead_e, first_bread,
          uniq_blork_the_orc
